 Dungeon Crawl Stone Soup version 0.28-a0-1506-g3893175d92 (webtiles) character file.

Game seed: 7891770384670525149

162 knot the Chopper (level 5, 41/41 HPs)
             Began as a Demonspawn Berserker on Jan 14, 2022.
             Was a Believer of Trog.
             Quit the game on level 3 of the Dungeon.
             The game lasted 00:02:59 (2113 turns).

knot the Chopper (Demonspawn Berserker)             Turns: 2113, Time: 00:03:00

Health: 41/41      AC:  6    Str: 17    XL:     5   Next: 19%
Magic:  5/5        EV: 11    Int: 10    God:    Trog [**....]
Gold:   100        SH:  0    Dex: 13    Spells: 4/4 levels left

rFire   . . .      SeeInvis .   a - +0 hand axe
rCold   . . .      Faith    .   (no shield)
rNeg    . . .      Spirit   .   e - +0 ring mail
rPois   +          Reflect  .   (helmet restricted)
rElec   .          Harm     .   o - scarf {shadows}
rCorr   .          Rampage  .   b - +0 pair of gloves
Will    .....                   (no boots)
Stlth   +.........              (no amulet)
HPRegen 1.13/turn               n - ring of poison resistance
MPRegen 0.09/turn               (no ring)

@: no status effects
A: antennae 1, powered by death 1, demonic magic 1
a: Renounce Religion, Berserk, Trog's Hand


You were on level 3 of the Dungeon.
You worshipped Trog.
Trog was pleased with you.
You visited 1 branch of the dungeon, and saw 3 of its levels.

You collected 100 gold pieces.

Inventory:

Hand Weapons
 a - a +0 hand axe (weapon)
Missiles
 c - 6 atropa-tipped darts
 f - 59 stones (quivered)
Armour
 b - a +0 pair of gloves (worn)
 e - a +0 ring mail (worn)
 o - a scarf of shadows (worn)
Jewellery
 n - a ring of poison resistance (left hand)
Wands
 m - a wand of acid (3)
Scrolls
 d - 2 scrolls of enchant weapon {unknown}
 g - a scroll of identify {unknown}
 h - a scroll of vulnerability {unknown}
 j - a scroll of blinking {unknown}
 k - a scroll of holy word {unknown}
 l - a scroll of teleportation {unknown}
Potions
 i - a potion of cancellation {unknown}


   Skills:
 - Level 3.0 Fighting
 + Level 5.4 Axes
 - Level 1.7 Armour
 - Level 1.7 Dodging


You had 4 spell levels left.
You didn't know any spells.
Your spell library contained the following spells:

 Spells                   Type           Power      Damage    Failure   Level
 Apportation              Tloc           0%         N/A       56%         1
 Freeze                   Ice            0%         1d3       56%         1
 Frozen Ramparts          Ice            0%         1d2       90%         3
 Gell's Gravitas          Tloc           0%         N/A       90%         3
 Lesser Beckoning         Tloc           0%         N/A       90%         3
 Teleport Other           Tloc           0%         N/A       90%         3
 Hailstorm                Conj/Ice       0%         3d3       100%        4
 Alistair's Intoxication  Tmut/Pois      0%         N/A       100%        5


Dungeon Overview and Level Annotations

Branches:
Dungeon (3/15)

Altars:

Annotations:
D:3 Natasha


Innate Abilities, Weirdness & Mutations

You have a pair of small antennae on your head.
You regenerate a little health from kills.
Spells you cast may paralyse adjacent enemies.


Message History

An orc wizard and an orc come into view.
The orc wizard shouts!
You hear a shout!
An orc comes into view. It is wielding a +0 club.
An orc priest comes into view. It is wielding a +0 morningstar.
The orc shouts!
Natasha casts a spell.
The orc wizard hits you but does no damage.
Aiming: Corrosive Bolt
Press: ? - help, Shift-Dir - straight line, f - orc wizard
Aim: an orc wizard, wielding a +0 dagger and wearing a +0 robe (64% to hit)
The bolt of acid hits the orc wizard!
The orc wizard is almost dead.
The bolt of acid hits the orc!
The acid corrodes the orc!
You kill the orc!
Trog accepts your kill.
The bolt of acid hits the orc!
The acid corrodes the orc!
You kill the orc!
Trog accepts your kill.
The bolt of acid hits the orc wizard!
The orc wizard is heavily wounded.
A ball python comes into view.
Natasha mumbles some strange words.
The orc wizard closely misses you.
Your Axes skill increases to level 5!
Aiming: Corrosive Bolt
Press: ? - help, Shift-Dir - straight line, f/p - orc wizard
Aim: an orc wizard, wielding a +0 dagger and wearing a +0 robe (heavily wounded, 64% to hit)
The bolt of acid hits the orc wizard!
You kill the orc wizard!
Trog accepts your kill.
Trog appreciates your killing of a magic user.
The bolt of acid misses the orc priest.
The bolt of acid hits the orc wizard!
The acid corrodes the orc wizard!
You kill the orc wizard!
Trog accepts your kill.
Trog appreciates your killing of a magic user.
You have reached level 5!
Your demonic ancestry asserts itself...
A menacing aura infuses your magic.
Are you sure you want to abandon this character and quit the game? (Confirm with "yes".)

## # ... # .... #
.....##### #
..S)ho@..# #
.....###.########
..55 #........#
... #........# .#
#........#
#........#
####........#
#..).########
#.####


You could see an iron imp (summoned), an orc priest, Natasha, a crimson imp
(summoned) and a ball python.

Vanquished Creatures
  Terence (D:3)
  2 orc wizards (D:3)
  Natasha (D:3)
  An adder (D:3)
  4 orcs (D:3)
  6 endoplasms
  5 hobgoblins
  3 jackals (D:3)
  3 quokkas
  2 ball pythons
  7 bats
  2 frilled lizards
  6 goblins
  2 kobolds
  2 rats (D:1)
47 creatures vanquished.

Notes
Turn   | Place    | Note
-------+----------+-------------------------------------------
     0 | D:1      | knot the Demonspawn Berserker began the quest for the Orb.
     0 | D:1      | Reached XP level 1. HP: 18/18 MP: 1/1
   100 | D:1      | Reached skill level 3 in Axes
   426 | D:1      | Gained mutation: You regenerate a little health from kills.
                  | [demonic ancestry]
   426 | D:1      | Reached XP level 2. HP: 24/24 MP: 2/2
  1189 | D:2      | Found a faded altar of an unknown god.
  1350 | D:2      | Gained mutation: You have a pair of small antennae on your
                  | head. [demonic ancestry]
  1350 | D:2      | Reached XP level 3. HP: 24/29 MP: 3/3
  1632 | D:3      | Noticed Natasha
  1642 | D:3      | Killed Natasha
  1642 | D:3      | Reached ** piety under Trog
  1643 | D:3      | Reached skill level 4 in Axes
  1826 | D:3      | Reached XP level 4. HP: 29/35 MP: 4/4
  2029 | D:3      | Noticed Terence
  2042 | D:3      | Killed Terence
  2108 | D:3      | Noticed Natasha
  2112 | D:3      | Reached skill level 5 in Axes
  2113 | D:3      | Gained mutation: Spells you cast may paralyse adjacent
                  | enemies. [demonic ancestry]
  2113 | D:3      | Reached XP level 5. HP: 41/41 MP: 5/5
  2113 | D:3      | Quit the game

Illustrated notes

Levels and vault maps discovered:
D:1:      roderic_chinese_lattice_arrival, layout_basic
D:2:      layout_rooms, hellmonk_ecumenical_altar_inner_sanctum
D:3:      layout_basic, uniq_natasha, uniq_terence

Skill      XL: |  1  2  3  4 |
---------------+-------------+-----
Axes           | 3 4 5 |  5.4
Fighting       | |  3.0
Armour         | |  1.7
Dodging        | |  1.7

Action                   |  1- 3 |  4- 6 || total
-------------------------+-------+-------++-------
Melee: Hand axe          |   110 |    32 ||   142
Throw: Stone             |       |     4 ||     4
Invok: Berserk           |     2 |       ||     2
Evoke: Wand              |     2 |     3 ||     5
Armor: Ring mail         |    37 |    17 ||    54
       Animal skin       |     2 |       ||     2
Dodge: Dodged            |    75 |    16 ||    91

Table legend: (Time is in decaauts)
 A = Elapsed time spent in this place.
 B = Non-inter-level travel time spent in this place.
 C = Inter-level travel time spent in this place.
 D = Time resting spent in this place.
 E = Time spent auto-exploring this place.
 F = Levels seen in this place.
 G = Mean time per level.
                   A        B        C        D        E       F      G
               +--------+--------+--------+--------+--------+-----+--------+
         Total |   2145 |   2112 |     33 |    292 |   1458 |   3 |  715.0 |
       Dungeon |   2145 |   2112 |     33 |    292 |   1458 |   3 |  715.0 |
               +--------+--------+--------+--------+--------+-----+--------+

Top non-repeatable levels by time:
     D:1: 999 daAuts
     D:2: 605 daAuts
     D:3: 540 daAuts
